[ AOE2 MATCH · #488012642 ]
UnrankedLithuanians vs Magyars
[ REPLAY ANALYSIS · EXTRACTED FROM THE RECORDED GAME ]
Feudal
11:48
Castle
16:10
Imperial
—
| APM avg | 56.6 |
| APM peak | 105 |
| eAPM avg | 28.8 |
| Villagers / military | 43 / 10 |
Focus
⚔️ 43.3% · 🌾 56.7%
Leitis ×9 · Monk ×1
Feudal
—
Castle
—
Imperial
—
| APM avg | 52.7 |
| APM peak | 82 |
| eAPM avg | 31.0 |
| Villagers / military | 80 / 0 |
Focus
⚔️ 38.7% · 🌾 61.3%
Feudal
10:55
Castle
14:26
Imperial
—
| APM avg | 44.4 |
| APM peak | 74 |
| eAPM avg | 24.4 |
| Villagers / military | 35 / 26 |
Focus
⚔️ 42.1% · 🌾 57.9%
Militia ×20 · Battering Ram ×5 · Spearman ×1
Feudal
—
Castle
—
Imperial
—
| APM avg | 37.2 |
| APM peak | 78 |
| eAPM avg | 22.2 |
| Villagers / military | 58 / 0 |
Focus
⚔️ 31.0% · 🌾 69.0%
Feudal
18:54
Castle
22:29
Imperial
—
| APM avg | 54.9 |
| APM peak | 93 |
| eAPM avg | 21.2 |
| Villagers / military | 42 / 0 |
Focus
⚔️ 28.0% · 🌾 72.0%
Feudal
12:56
Castle
16:26
Imperial
—
| APM avg | 45.3 |
| APM peak | 105 |
| eAPM avg | 25.7 |
| Villagers / military | 74 / 7 |
Focus
⚔️ 30.0% · 🌾 70.0%
Monk ×5 · Mangonel ×2
Feudal
11:30
Castle
15:27
Imperial
—
| APM avg | 50.3 |
| APM peak | 98 |
| eAPM avg | 27.6 |
| Villagers / military | 46 / 23 |
Focus
⚔️ 46.1% · 🌾 53.9%
Plumed Archer ×22 · Mangonel ×1
Feudal
10:55
Castle
14:28
Imperial
—
| APM avg | 53.0 |
| APM peak | 85 |
| eAPM avg | 20.0 |
| Villagers / military | 32 / 8 |
Focus
⚔️ 30.9% · 🌾 69.1%
Organ Gun ×6 · Mangonel ×2
Match map
Initial resources + every placement click. Lines = walls · curves = elevation contours. ◆ gold · ⬟ stone · ● berries · ✦ relic · ◌ wall gap
Your base· Open — unwalled flank
OS+ | Sicilian RaiN's base· Open — unwalled flank
Oni.FreakinAndy's base· Open — unwalled flank
Monesi28's base· Open — unwalled flank
Oni.DauT's base· Open — opponent sealed themselves in
Simvall's base· Open — unwalled flank
Mettiu's base· Open — unwalled flank
Oni.miguel's base· Open — unwalled flank
Smoothed initial terrain · ◌ = detected wall gap · hover for details
Inputs per minute
— Oni.TheViper - - OS+ | Sicilian RaiN
Build order — Oni.TheViper
111 actions detected in the replay
| 0:00 | Create | Villager (Male) |
| 0:00 | Create | Villager (Male) |
| 0:01 | Build | House |
| 0:02 | Build | House |
| 0:06 | Create | Villager (Male) |
| 0:12 | Create | Villager (Male) |
| 0:24 | Create | Villager (Male) |
| 0:30 | Create | Villager (Male) |
| 0:31 | Research | Loom |
| 0:35 | Create | Villager (Male) |
| 0:45 | Create | Villager (Male) |
| 1:10 | Build | Palisade Gate |
| 1:22 | Create | Villager (Male) |
| 2:05 | Build | Palisade Wall |
| 2:05 | Build | Palisade Wall |
| 2:07 | Build | Palisade Wall |
| 2:10 | Create | Villager (Male) |
| 2:45 | Build | Palisade Gate |
| 3:18 | Create | Villager (Male) |
| 3:38 | Create | Villager (Male) |
| 3:58 | Build | House |
| 4:10 | Create | Villager (Male) |
| 4:15 | Build | House |
| 4:27 | Build | Palisade Wall |
| 4:35 | Create | Villager (Male) |
| 4:52 | Build | Palisade Gate |
| 5:00 | Create | Villager (Male) |
| 5:06 | Build | House |
| 5:30 | Create | Villager (Male) |
| 5:44 | Build | Lumber Camp |
| 6:00 | Create | Villager (Male) |
| 6:22 | Create | Villager (Male) |
| 6:35 | Create | Villager (Male) |
| 7:08 | Build | Mill |
| 7:12 | Create | Villager (Male) |
| 7:22 | Create | Villager (Male) |
| 7:42 | Create | Villager (Male) |
| 7:57 | Create | Villager (Male) |
| 8:25 | Create | Villager (Male) |
| 8:47 | Create | Villager (Male) |
| 9:00 | Build | Mining Camp |
| 9:16 | Create | Villager (Male) |
| 9:38 | Research | Feudal Age |
| 9:42 | Build | Palisade Wall |
| 10:30 | Build | Farm |
| 11:16 | Build | House |
| 11:48 | Age | Feudal Age |
| 11:50 | Create | Villager (Male) |
| 11:50 | Create | Villager (Male) |
| 11:53 | Build | Market |
| 11:57 | Build | Blacksmith |
| 12:37 | Create | Villager (Male) |
| 12:51 | Build | Mining Camp |
| 12:56 | Create | Villager (Male) |
| 13:26 | Research | Castle Age |
| 14:12 | Research | Double-Bit Axe |
| 14:28 | Build | Palisade Wall |
| 14:32 | Research | Horse Collar |
| 15:38 | Build | Palisade Wall |
| 15:45 | Build | Farm |
| 15:46 | Build | Farm |
| 15:47 | Build | Farm |
| 15:47 | Build | Farm |
| 15:50 | Build | Farm |
| 15:54 | Build | Palisade Wall |
| 16:10 | Age | Castle Age |
| 16:14 | Create | Villager (Male) |
| 16:19 | Research | Bow Saw |
| 16:22 | Build | Monastery |
| 16:46 | Create | Villager (Male) |
| 16:48 | Build | House |
| 16:52 | Research | Wheelbarrow |
| 17:07 | Create | Monk |
| 17:30 | Create | Villager (Male) |
| 17:47 | Create | Villager (Male) |
| 17:57 | Build | Castle |
| 18:02 | Create | Villager (Male) |
| 18:06 | Build | Barracks |
| 18:15 | Build | Palisade Gate |
| 18:43 | Create | Villager (Male) |
| 18:44 | Build | Farm |
| 19:05 | Create | Villager (Male) |
| 19:06 | Create | Leitis |
| 19:06 | Create | Leitis |
| 19:09 | Build | Stable |
| 19:25 | Create | Villager (Male) |
| 19:30 | Build | Mining Camp |
| 19:33 | Build | Farm |
| 19:40 | Build | Lumber Camp |
| 19:40 | Create | Villager (Male) |
| 19:46 | Create | Villager (Male) |
| 20:16 | Create | Leitis |
| 20:23 | Research | Bloodlines |
| 20:47 | Create | Leitis |
| 21:18 | Create | Leitis |
| 21:32 | Research | Scale Barding Armor |
| 21:40 | Build | Farm |
| 21:40 | Create | Villager (Male) |
| 21:51 | Create | Leitis |
| 21:56 | Build | Farm |
| 21:58 | Build | Farm |
| 22:00 | Build | Farm |
| 22:15 | Create | Leitis |
| 22:16 | Create | Villager (Male) |
| 22:33 | Create | Leitis |
| 22:46 | Create | Villager (Male) |
| 22:47 | Build | Farm |
| 22:48 | Build | Farm |
| 22:48 | Build | Farm |
| 22:50 | Build | Farm |
| 23:00 | Create | Leitis |
Build order — OS+ | Sicilian RaiN
125 actions detected in the replay
| 0:00 | Create | Villager (Male) |
| 0:01 | Create | Villager (Male) ×4 |
| 0:01 | Create | Villager (Male) ×3 |
| 0:02 | Build | House |
| 0:04 | Build | House |
| 0:22 | Research | Loom |
| 0:46 | Create | Villager (Male) |
| 0:47 | Create | Villager (Male) |
| 1:17 | Build | Palisade Wall |
| 2:31 | Create | Villager (Male) |
| 2:31 | Create | Villager (Male) |
| 2:46 | Create | Villager (Male) |
| 3:56 | Create | Villager (Male) |
| 3:56 | Create | Villager (Male) |
| 4:11 | Build | Palisade Wall |
| 4:14 | Build | Palisade Wall |
| 4:38 | Create | Villager (Male) |
| 4:39 | Create | Villager (Male) |
| 5:07 | Build | Palisade Wall |
| 5:09 | Build | Palisade Wall |
| 5:11 | Build | Palisade Wall |
| 5:39 | Create | Villager (Male) |
| 5:39 | Create | Villager (Male) |
| 5:39 | Create | Villager (Male) |
| 6:10 | Create | Villager (Male) |
| 6:11 | Create | Villager (Male) |
| 6:44 | Create | Villager (Male) |
| 7:16 | Create | Villager (Male) |
| 7:17 | Create | Villager (Male) |
| 7:44 | Create | Villager (Male) |
| 7:45 | Create | Villager (Male) |
| 8:11 | Create | Villager (Male) |
| 8:12 | Create | Villager (Male) |
| 8:15 | Build | House |
| 8:45 | Create | Villager (Male) |
| 9:06 | Create | Villager (Male) |
| 9:06 | Create | Villager (Male) |
| 9:18 | Create | Villager (Male) |
| 9:18 | Create | Villager (Male) |
| 9:37 | Create | Villager (Male) |
| 9:37 | Create | Villager (Male) |
| 9:41 | Build | Mill |
| 10:05 | Build | Palisade Wall |
| 10:08 | Build | Palisade Wall |
| 10:50 | Create | Villager (Male) |
| 10:50 | Create | Villager (Male) |
| 11:10 | Create | Villager (Male) |
| 11:11 | Create | Villager (Male) |
| 11:37 | Build | Palisade Wall |
| 11:38 | Create | Villager (Male) |
| 11:38 | Create | Villager (Male) |
| 11:53 | Build | Palisade Wall |
| 11:55 | Create | Villager (Male) |
| 11:55 | Create | Villager (Male) |
| 12:14 | Build | Palisade Wall |
| 12:15 | Create | Villager (Male) |
| 12:15 | Create | Villager (Male) |
| 12:32 | Create | Villager (Male) |
| 12:42 | Create | Villager (Male) |
| 12:43 | Create | Villager (Male) |
| 12:47 | Build | House |
| 12:57 | Create | Villager (Male) |
| 12:57 | Create | Villager (Male) |
| 12:59 | Build | Palisade Wall |
| 13:14 | Create | Villager (Male) |
| 13:38 | Create | Villager (Male) |
| 13:39 | Create | Villager (Male) |
| 13:41 | Build | House |
| 13:42 | Create | Villager (Male) |
| 13:54 | Create | Villager (Male) |
| 13:54 | Create | Villager (Male) |
| 14:10 | Create | Villager (Male) |
| 14:10 | Create | Villager (Male) |
| 14:19 | Create | Villager (Male) |
| 14:58 | Build | Palisade Wall |
| 14:59 | Build | Palisade Wall |
| 15:05 | Build | Palisade Wall |
| 15:09 | Create | Villager (Male) |
| 15:10 | Create | Villager (Male) |
| 15:10 | Create | Villager (Male) |
| 15:28 | Create | Villager (Male) |
| 15:28 | Create | Villager (Male) |
| 15:43 | Create | Villager (Male) |
| 15:43 | Create | Villager (Male) |
| 16:38 | Create | Villager (Male) |
| 17:34 | Build | House |
| 18:01 | Build | Palisade Wall |
| 18:05 | Build | Palisade Wall |
| 18:11 | Build | Palisade Wall |
| 18:17 | Create | Villager (Male) |
| 18:28 | Build | Lumber Camp |
| 18:30 | Create | Villager (Male) |
| 18:39 | Build | Palisade Gate |
| 18:41 | Build | Palisade Wall |
| 19:05 | Create | Villager (Male) |
| 19:08 | Build | Farm |
| 19:12 | Build | House |
| 19:14 | Create | Villager (Male) |
| 19:27 | Build | Palisade Wall |
| 19:35 | Create | Villager (Male) |
| 19:35 | Create | Villager (Male) |
| 19:46 | Create | Villager (Male) |
| 19:49 | Build | Farm |
| 19:54 | Build | House |
| 19:55 | Build | House |
| 20:11 | Create | Villager (Male) |
| 20:11 | Create | Villager (Male) |
| 20:20 | Build | Farm |
| 20:21 | Build | Farm |
| 20:36 | Create | Villager (Male) |
| 20:39 | Build | Farm |
| 20:41 | Build | House |
| 20:44 | Build | Palisade Wall |
| 21:05 | Build | Farm |
| 21:06 | Build | Farm |
| 21:09 | Build | Farm |
| 21:15 | Create | Villager (Male) |
| 21:24 | Create | Villager (Male) |
| 21:30 | Build | Mining Camp |
| 21:46 | Research | Feudal Age |
| 21:46 | Research | Feudal Age |
| 21:56 | Build | Mining Camp |
| 22:02 | Build | Farm |
| 22:13 | Build | Palisade Wall |
| 22:14 | Build | Palisade Wall |
Build order — Oni.FreakinAndy
118 actions detected in the replay
| 0:00 | Create | Villager (Male) |
| 0:00 | Create | Villager (Male) |
| 0:00 | Create | Villager (Male) |
| 0:01 | Build | House |
| 0:03 | Build | House |
| 0:18 | Create | Villager (Male) |
| 0:58 | Build | Lumber Camp |
| 1:25 | Create | Villager (Male) |
| 2:01 | Create | Villager (Male) |
| 2:20 | Create | Villager (Male) |
| 2:51 | Create | Villager (Male) |
| 3:03 | Create | Villager (Male) |
| 3:38 | Create | Villager (Male) |
| 3:51 | Build | House |
| 3:58 | Create | Villager (Male) |
| 4:26 | Build | Mill |
| 4:29 | Create | Villager (Male) |
| 4:52 | Create | Villager (Male) |
| 4:52 | Create | Villager (Male) |
| 5:09 | Create | Villager (Male) |
| 5:49 | Build | House |
| 5:53 | Create | Villager (Male) |
| 6:17 | Create | Villager (Male) |
| 6:31 | Build | Barracks |
| 6:38 | Create | Villager (Male) |
| 6:56 | Create | Villager (Male) |
| 6:59 | Create | Villager (Male) |
| 7:26 | Build | Palisade Wall |
| 7:26 | Build | Palisade Wall |
| 7:31 | Build | Palisade Wall |
| 7:40 | Create | Villager (Male) |
| 8:29 | Research | Feudal Age |
| 8:36 | Build | House |
| 8:49 | Build | Farm |
| 8:50 | Build | Farm |
| 9:16 | Build | Palisade Gate |
| 9:21 | Build | House |
| 9:23 | Build | Palisade Gate |
| 9:38 | Create | Villager (Male) |
| 9:56 | Build | Mining Camp |
| 10:30 | Create | Villager (Male) |
| 10:31 | Build | Palisade Wall |
| 10:35 | Build | Palisade Wall |
| 10:35 | Build | Palisade Wall |
| 10:55 | Age | Feudal Age |
| 10:56 | Build | Stable |
| 10:58 | Build | Blacksmith |
| 11:14 | Create | Spearman |
| 11:46 | Research | Castle Age |
| 11:55 | Build | Barracks |
| 12:00 | Build | Farm |
| 12:12 | Create | Militia |
| 12:17 | Build | Barracks |
| 13:03 | Research | Man-at-Arms (upgrade) |
| 13:13 | Build | House |
| 13:15 | Build | Market |
| 13:26 | Create | Militia |
| 13:36 | Create | Militia |
| 13:50 | Create | Militia |
| 14:03 | Create | Villager (Male) |
| 14:26 | Age | Castle Age |
| 14:27 | Build | Siege Workshop |
| 14:30 | Research | Scale Mail Armor |
| 14:32 | Research | Long Swordsman (upgrade) |
| 14:32 | Research | Long Swordsman (upgrade) |
| 14:41 | Create | Villager (Male) |
| 14:45 | Create | Militia |
| 14:55 | Create | Militia |
| 15:04 | Create | Villager (Male) |
| 15:11 | Create | Battering Ram |
| 15:15 | Research | Squires |
| 15:22 | Build | House |
| 15:30 | Create | Militia |
| 15:31 | Create | Villager (Male) |
| 16:01 | Create | Battering Ram |
| 16:02 | Create | Militia |
| 16:02 | Create | Militia |
| 16:29 | Create | Militia |
| 16:29 | Create | Militia |
| 16:39 | Create | Militia |
| 16:44 | Build | House |
| 16:45 | Build | House |
| 17:06 | Create | Villager (Male) |
| 17:19 | Build | Farm |
| 17:20 | Build | Farm |
| 17:46 | Create | Militia |
| 17:48 | Build | Farm |
| 17:49 | Build | Farm |
| 17:54 | Research | Chain Mail Armor |
| 18:13 | Create | Militia |
| 18:25 | Create | Battering Ram |
| 18:41 | Create | Villager (Male) |
| 18:42 | Build | Farm |
| 18:58 | Create | Militia |
| 19:05 | Create | Villager (Male) |
| 19:16 | Research | Double-Bit Axe |
| 19:26 | Create | Militia |
| 19:36 | Create | Militia |
| 19:39 | Build | Farm |
| 19:40 | Build | Farm |
| 19:43 | Research | Horse Collar |
| 19:54 | Create | Villager (Male) |
| 19:57 | Build | Farm |
| 20:12 | Build | Lumber Camp |
| 20:13 | Create | Villager (Male) |
| 20:32 | Create | Militia |
| 20:36 | Research | Loom |
| 20:59 | Create | Militia |
| 20:59 | Create | Militia |
| 21:25 | Create | Villager (Male) |
| 21:25 | Create | Villager (Male) |
| 21:25 | Create | Villager (Male) |
| 21:37 | Create | Battering Ram |
| 21:39 | Create | Battering Ram |
| 22:20 | Build | House |
| 22:21 | Build | House |
| 22:21 | Build | House |
| 22:21 | Build | House |
Build order — Monesi28
124 actions detected in the replay
| 0:01 | Research | Loom |
| 0:02 | Create | Villager (Male) |
| 0:02 | Create | Villager (Male) |
| 0:02 | Create | Villager (Male) |
| 0:03 | Create | Villager (Male) |
| 0:04 | Build | House |
| 0:05 | Build | House |
| 1:37 | Build | Palisade Wall |
| 2:39 | Create | Villager (Male) |
| 2:39 | Create | Villager (Male) |
| 3:27 | Build | Palisade Wall |
| 3:48 | Create | Villager (Male) |
| 3:48 | Create | Villager (Male) |
| 3:49 | Create | Villager (Male) |
| 4:05 | Build | Palisade Wall |
| 5:14 | Create | Villager (Male) |
| 5:14 | Create | Villager (Male) |
| 5:31 | Build | Palisade Wall |
| 5:32 | Build | Palisade Wall |
| 5:33 | Build | Palisade Wall |
| 6:04 | Build | Palisade Wall |
| 6:23 | Build | Palisade Wall |
| 6:24 | Build | Palisade Wall |
| 6:24 | Build | Palisade Wall |
| 6:25 | Build | Palisade Wall |
| 6:34 | Create | Villager (Male) |
| 6:34 | Create | Villager (Male) |
| 6:57 | Build | Palisade Wall |
| 7:10 | Build | Mill |
| 7:18 | Build | Palisade Wall |
| 7:21 | Build | Palisade Wall |
| 7:55 | Create | Villager (Male) |
| 7:55 | Create | Villager (Male) |
| 7:56 | Create | Villager (Male) |
| 8:30 | Create | Villager (Male) |
| 8:30 | Create | Villager (Male) |
| 8:30 | Create | Villager (Male) |
| 8:58 | Build | Palisade Wall |
| 8:59 | Build | Palisade Wall |
| 9:01 | Build | Palisade Wall |
| 9:02 | Build | Palisade Wall |
| 9:02 | Build | Palisade Wall |
| 9:03 | Build | Palisade Wall |
| 9:05 | Create | Villager (Male) |
| 9:05 | Create | Villager (Male) |
| 9:05 | Create | Villager (Male) |
| 9:05 | Create | Villager (Male) |
| 9:22 | Build | Palisade Wall |
| 9:27 | Build | Palisade Wall |
| 9:34 | Build | Palisade Wall |
| 9:36 | Create | Villager (Male) |
| 9:36 | Create | Villager (Male) |
| 9:36 | Create | Villager (Male) |
| 9:36 | Create | Villager (Male) |
| 10:02 | Build | Palisade Wall |
| 10:20 | Create | Villager (Male) |
| 10:21 | Create | Villager (Male) |
| 10:21 | Create | Villager (Male) |
| 10:49 | Build | Palisade Wall |
| 11:08 | Create | Villager (Male) |
| 11:08 | Create | Villager (Male) |
| 11:08 | Create | Villager (Male) |
| 11:10 | Create | Villager (Male) |
| 11:10 | Create | Villager (Male) |
| 11:10 | Create | Villager (Male) |
| 11:16 | Build | Palisade Wall |
| 11:32 | Create | Villager (Male) |
| 11:32 | Create | Villager (Male) |
| 12:05 | Create | Villager (Male) |
| 12:05 | Create | Villager (Male) |
| 12:05 | Create | Villager (Male) |
| 12:06 | Create | Villager (Male) |
| 12:06 | Create | Villager (Male) |
| 12:17 | Create | Villager (Male) |
| 12:17 | Create | Villager (Male) |
| 12:22 | Build | House |
| 12:57 | Build | House |
| 13:00 | Create | Villager (Male) |
| 13:30 | Build | Palisade Wall |
| 13:41 | Create | Villager (Male) |
| 13:52 | Create | Villager (Male) |
| 14:21 | Build | Palisade Wall |
| 14:23 | Build | Palisade Wall |
| 14:31 | Build | Palisade Wall |
| 14:34 | Build | Palisade Wall |
| 14:41 | Build | Lumber Camp |
| 14:44 | Create | Villager (Male) |
| 15:31 | Create | Villager (Male) |
| 15:50 | Build | Mill |
| 15:55 | Create | Villager (Male) |
| 16:13 | Create | Villager (Male) |
| 16:36 | Build | Lumber Camp |
| 16:41 | Create | Villager (Male) |
| 16:52 | Create | Villager (Male) |
| 17:32 | Build | Palisade Wall |
| 17:33 | Build | Palisade Wall |
| 17:34 | Build | Palisade Wall |
| 17:34 | Build | Palisade Wall |
| 17:34 | Build | Palisade Wall |
| 18:02 | Build | Palisade Wall |
| 19:03 | Build | Palisade Wall |
| 19:13 | Build | Palisade Wall |
| 19:19 | Build | Town Center |
| 19:57 | Build | Palisade Wall |
| 20:19 | Build | Lumber Camp |
| 20:34 | Build | Farm |
| 20:35 | Build | Farm |
| 20:39 | Create | Villager (Male) |
| 20:40 | Create | Villager (Male) |
| 20:40 | Create | Villager (Male) |
| 20:45 | Build | House |
| 20:50 | Build | Palisade Wall |
| 21:12 | Build | Farm |
| 21:14 | Build | House |
| 21:30 | Build | Farm |
| 21:32 | Build | Farm |
| 21:36 | Create | Villager (Male) |
| 21:47 | Build | House |
| 22:10 | Build | Farm |
| 22:13 | Build | House |
| 22:21 | Build | Palisade Wall |
| 22:21 | Build | Palisade Wall |
| 22:22 | Build | Palisade Wall |
| 22:24 | Build | Palisade Wall |
Build order — Oni.DauT
88 actions detected in the replay
| 0:01 | Create | Villager (Male) ×4 |
| 0:02 | Build | House |
| 0:03 | Build | House |
| 0:42 | Research | Loom |
| 0:42 | Create | Villager (Male) |
| 1:05 | Create | Villager (Male) |
| 2:02 | Create | Villager (Male) |
| 2:02 | Create | Villager (Male) |
| 2:21 | Build | Palisade Wall |
| 2:22 | Build | Palisade Wall |
| 2:31 | Build | House |
| 2:59 | Create | Villager (Male) |
| 3:52 | Create | Villager (Male) |
| 4:42 | Create | Villager (Male) |
| 5:14 | Create | Villager (Male) |
| 5:20 | Build | Palisade Wall |
| 5:41 | Create | Villager (Male) |
| 6:10 | Create | Villager (Male) |
| 6:36 | Create | Villager (Male) |
| 6:57 | Create | Villager (Male) |
| 7:24 | Create | Villager (Male) |
| 7:41 | Build | Palisade Wall |
| 8:06 | Create | Villager (Male) |
| 8:10 | Create | Villager (Male) |
| 8:16 | Create | Villager (Male) |
| 8:21 | Build | House |
| 8:45 | Create | Villager (Male) |
| 9:12 | Create | Villager (Male) |
| 9:26 | Create | Villager (Male) |
| 10:07 | Create | Villager (Male) |
| 10:48 | Build | House |
| 10:56 | Build | Palisade Wall |
| 11:35 | Build | Palisade Wall |
| 11:39 | Create | Villager (Male) |
| 11:46 | Build | Lumber Camp |
| 12:05 | Create | Villager (Male) |
| 12:10 | Build | Palisade Wall |
| 12:22 | Create | Villager (Male) |
| 12:22 | Create | Villager (Male) |
| 12:41 | Create | Villager (Male) |
| 13:03 | Build | Palisade Gate |
| 13:06 | Create | Villager (Male) |
| 13:09 | Create | Villager (Male) |
| 13:11 | Build | Mill |
| 13:40 | Build | House |
| 13:56 | Build | Palisade Gate |
| 14:02 | Create | Villager (Male) |
| 14:06 | Build | House |
| 14:14 | Build | Palisade Gate |
| 14:38 | Build | Lumber Camp |
| 14:58 | Create | Villager (Male) |
| 15:14 | Create | Villager (Male) |
| 15:15 | Create | Villager (Male) |
| 15:38 | Create | Villager (Male) |
| 15:58 | Create | Villager (Male) |
| 16:06 | Create | Villager (Male) |
| 16:11 | Build | House |
| 16:23 | Build | Farm |
| 16:32 | Build | Mining Camp |
| 16:44 | Research | Feudal Age |
| 16:47 | Build | Lumber Camp |
| 17:15 | Create | Villager (Male) |
| 17:28 | Build | Farm |
| 17:29 | Build | Farm |
| 17:35 | Build | Farm |
| 18:30 | Build | Farm |
| 18:31 | Build | Farm |
| 18:35 | Build | Farm |
| 18:38 | Build | Farm |
| 18:40 | Build | Farm |
| 18:51 | Build | Farm |
| 18:54 | Age | Feudal Age |
| 18:57 | Build | Market |
| 19:00 | Create | Villager (Male) |
| 19:24 | Build | Blacksmith |
| 19:30 | Create | Villager (Male) |
| 19:49 | Research | Castle Age |
| 19:58 | Build | Lumber Camp |
| 20:07 | Build | Mining Camp |
| 20:27 | Research | Double-Bit Axe |
| 20:39 | Research | Horse Collar |
| 20:41 | Build | Farm |
| 20:53 | Build | Farm |
| 21:07 | Build | Farm |
| 21:18 | Create | Villager (Male) |
| 21:22 | Build | Farm |
| 21:24 | Build | Farm |
| 22:29 | Age | Castle Age |
Build order — Simvall
132 actions detected in the replay
| 0:02 | Create | Villager (Male) |
| 0:02 | Create | Villager (Male) |
| 0:03 | Create | Villager (Male) |
| 0:03 | Create | Villager (Male) |
| 0:04 | Build | House |
| 0:05 | Build | House |
| 1:28 | Create | Villager (Male) |
| 1:28 | Create | Villager (Male) |
| 1:28 | Create | Villager (Male) |
| 2:09 | Create | Villager (Male) |
| 2:10 | Create | Villager (Male) |
| 2:10 | Create | Villager (Male) |
| 2:38 | Create | Villager (Male) |
| 2:38 | Create | Villager (Male) |
| 2:38 | Create | Villager (Male) |
| 2:39 | Create | Villager (Male) |
| 2:55 | Build | Lumber Camp |
| 3:16 | Create | Villager (Male) |
| 3:16 | Create | Villager (Male) |
| 3:56 | Create | Villager (Male) |
| 3:56 | Create | Villager (Male) |
| 4:18 | Create | Villager (Male) |
| 4:18 | Create | Villager (Male) |
| 4:28 | Build | House |
| 4:30 | Build | House |
| 4:47 | Create | Villager (Male) |
| 4:47 | Create | Villager (Male) |
| 4:47 | Create | Villager (Male) |
| 5:03 | Build | Palisade Wall |
| 5:11 | Build | Palisade Wall |
| 5:24 | Build | Palisade Wall |
| 5:30 | Build | House |
| 5:46 | Create | Villager (Male) |
| 5:46 | Create | Villager (Male) |
| 5:46 | Create | Villager (Male) |
| 5:59 | Research | Loom |
| 5:59 | Research | Loom |
| 6:16 | Create | Villager (Male) |
| 6:16 | Create | Villager (Male) |
| 6:16 | Create | Villager (Male) |
| 6:16 | Create | Villager (Male) |
| 6:17 | Create | Villager (Male) |
| 6:35 | Build | Mill |
| 6:43 | Create | Villager (Male) |
| 6:43 | Create | Villager (Male) |
| 7:16 | Create | Villager (Male) |
| 7:16 | Create | Villager (Male) |
| 7:16 | Create | Villager (Male) |
| 7:22 | Create | Villager (Male) |
| 7:22 | Create | Villager (Male) |
| 7:23 | Create | Villager (Male) |
| 7:43 | Create | Villager (Male) |
| 7:43 | Create | Villager (Male) |
| 7:43 | Create | Villager (Male) |
| 8:09 | Create | Villager (Male) |
| 8:09 | Create | Villager (Male) |
| 8:09 | Create | Villager (Male) |
| 9:37 | Build | Mining Camp |
| 9:47 | Create | Villager (Male) |
| 10:19 | Research | Feudal Age |
| 10:19 | Research | Feudal Age |
| 12:36 | Create | Villager (Male) |
| 12:37 | Create | Villager (Male) |
| 12:56 | Age | Feudal Age |
| 12:58 | Build | Market |
| 13:00 | Build | Blacksmith |
| 13:09 | Build | Lumber Camp |
| 13:14 | Research | Horse Collar |
| 13:14 | Research | Horse Collar |
| 13:37 | Research | Gold Mining |
| 13:46 | Research | Castle Age |
| 13:46 | Research | Castle Age |
| 13:55 | Build | House |
| 14:11 | Build | Farm |
| 14:15 | Build | Farm |
| 14:23 | Build | Farm |
| 14:27 | Build | Farm |
| 14:29 | Build | Farm |
| 15:28 | Build | Stone Wall |
| 16:05 | Create | Villager (Male) |
| 16:05 | Create | Villager (Male) |
| 16:26 | Age | Castle Age |
| 16:30 | Build | Siege Workshop |
| 16:35 | Create | Villager (Male) |
| 16:49 | Build | Stone Wall |
| 17:01 | Create | Mangonel |
| 17:02 | Create | Mangonel |
| 17:09 | Create | Villager (Male) |
| 17:27 | Build | Town Center |
| 17:44 | Build | House |
| 17:45 | Build | House |
| 18:03 | Create | Villager (Male) |
| 18:03 | Create | Villager (Male) |
| 18:19 | Build | Gate |
| 18:28 | Create | Villager (Male) |
| 18:28 | Create | Villager (Male) |
| 18:30 | Build | Farm |
| 18:33 | Build | Farm |
| 18:38 | Build | Monastery |
| 18:50 | Create | Villager (Male) |
| 19:07 | Create | Villager (Male) |
| 19:08 | Create | Villager (Male) |
| 19:08 | Create | Villager (Male) |
| 19:17 | Build | Monastery |
| 19:23 | Build | Outpost |
| 19:31 | Build | Gate |
| 19:35 | Build | Gate |
| 19:35 | Create | Villager (Male) |
| 19:36 | Create | Villager (Male) |
| 19:39 | Create | Monk |
| 19:46 | Create | Villager (Male) |
| 20:00 | Research | Redemption |
| 20:00 | Research | Redemption |
| 20:02 | Create | Monk |
| 20:19 | Create | Villager (Male) |
| 20:29 | Research | Sanctity |
| 20:29 | Research | Sanctity |
| 20:34 | Build | House |
| 20:44 | Create | Monk |
| 20:44 | Create | Villager (Male) |
| 20:45 | Create | Villager (Male) |
| 20:48 | Build | Town Center |
| 21:02 | Create | Villager (Male) |
| 21:16 | Create | Villager (Male) |
| 21:31 | Create | Villager (Male) |
| 21:31 | Create | Villager (Male) |
| 21:44 | Create | Villager (Male) |
| 21:57 | Create | Villager (Male) |
| 21:57 | Create | Villager (Male) |
| 22:04 | Create | Villager (Male) |
| 22:09 | Create | Monk |
| 22:10 | Create | Monk |
Build order — Mettiu
111 actions detected in the replay
| 0:01 | Research | Loom |
| 0:03 | Build | House |
| 0:04 | Build | House |
| 0:16 | Create | Villager (Male) |
| 0:17 | Create | Villager (Male) |
| 0:18 | Create | Villager (Male) |
| 1:25 | Create | Villager (Male) |
| 1:25 | Create | Villager (Male) |
| 1:49 | Build | Lumber Camp |
| 2:19 | Create | Villager (Male) |
| 2:19 | Create | Villager (Male) |
| 2:19 | Create | Villager (Male) |
| 2:20 | Create | Villager (Male) |
| 3:05 | Create | Villager (Male) |
| 3:06 | Create | Villager (Male) |
| 3:06 | Create | Villager (Male) |
| 3:50 | Create | Villager (Male) |
| 3:50 | Create | Villager (Male) |
| 4:04 | Create | Villager (Male) |
| 4:51 | Create | Villager (Male) |
| 4:54 | Create | Villager (Male) |
| 4:55 | Build | House |
| 5:15 | Build | House |
| 5:17 | Build | Mill |
| 5:37 | Create | Villager (Male) |
| 5:37 | Create | Villager (Male) |
| 6:31 | Create | Villager (Male) |
| 6:36 | Create | Villager (Male) |
| 6:52 | Create | Villager (Male) |
| 7:10 | Create | Villager (Male) |
| 7:28 | Build | Farm |
| 7:30 | Build | Farm |
| 7:31 | Build | Farm |
| 7:43 | Create | Villager (Male) |
| 7:46 | Build | House |
| 8:06 | Create | Villager (Male) |
| 8:33 | Create | Villager (Male) |
| 8:40 | Create | Villager (Male) |
| 9:03 | Create | Villager (Male) |
| 9:14 | Research | Feudal Age |
| 9:22 | Build | Mining Camp |
| 10:04 | Create | Villager (Male) |
| 10:04 | Create | Villager (Male) |
| 10:39 | Build | Mining Camp |
| 11:30 | Age | Feudal Age |
| 11:44 | Build | Market |
| 11:45 | Build | Blacksmith |
| 11:47 | Create | Villager (Male) |
| 12:47 | Research | Castle Age |
| 12:48 | Research | Castle Age |
| 13:09 | Build | Lumber Camp |
| 13:27 | Research | Double-Bit Axe |
| 13:27 | Research | Double-Bit Axe |
| 13:56 | Build | House |
| 14:02 | Build | Palisade Wall |
| 14:03 | Build | Palisade Wall |
| 14:04 | Build | Palisade Wall |
| 14:08 | Create | Villager (Male) |
| 14:09 | Create | Villager (Male) |
| 15:27 | Age | Castle Age |
| 15:29 | Build | Castle |
| 15:54 | Research | Fletching |
| 15:56 | Create | Villager (Male) |
| 16:07 | Build | Farm |
| 16:09 | Create | Villager (Male) |
| 16:31 | Create | Plumed Archer |
| 16:31 | Create | Plumed Archer |
| 16:35 | Create | Villager (Male) |
| 16:46 | Create | Plumed Archer |
| 17:03 | Build | Siege Workshop |
| 17:05 | Create | Villager (Male) |
| 17:11 | Create | Plumed Archer |
| 17:22 | Create | Plumed Archer |
| 17:33 | Create | Villager (Male) |
| 17:36 | Create | Villager (Male) |
| 17:38 | Build | Farm |
| 17:43 | Create | Plumed Archer |
| 18:04 | Create | Plumed Archer |
| 18:15 | Create | Mangonel |
| 18:17 | Create | Plumed Archer |
| 18:26 | Create | Plumed Archer |
| 18:34 | Create | Plumed Archer |
| 18:54 | Build | Stone Wall |
| 18:56 | Build | Stone Wall |
| 18:59 | Build | Stone Wall |
| 19:00 | Create | Plumed Archer |
| 19:14 | Create | Villager (Male) |
| 19:15 | Create | Plumed Archer |
| 19:34 | Research | Bodkin Arrow |
| 19:34 | Research | Bodkin Arrow |
| 19:34 | Research | Bodkin Arrow |
| 19:49 | Create | Plumed Archer |
| 20:20 | Create | Plumed Archer |
| 20:38 | Create | Plumed Archer |
| 20:43 | Create | Plumed Archer |
| 20:44 | Create | Villager (Male) ×3 |
| 20:55 | Build | House |
| 20:56 | Build | House |
| 21:02 | Create | Plumed Archer |
| 21:20 | Create | Plumed Archer |
| 21:25 | Create | Plumed Archer |
| 21:29 | Create | Villager (Male) |
| 21:29 | Create | Villager (Male) |
| 21:39 | Create | Plumed Archer |
| 21:44 | Create | Villager (Male) |
| 21:45 | Build | Farm |
| 21:47 | Create | Plumed Archer |
| 21:54 | Build | Monastery |
| 21:55 | Create | Plumed Archer |
| 21:58 | Build | Farm |
| 21:59 | Build | Farm |
Build order — Oni.miguel
88 actions detected in the replay
| 0:00 | Create | Villager (Male) |
| 0:00 | Create | Villager (Male) |
| 0:01 | Build | House |
| 0:02 | Build | House |
| 0:07 | Create | Villager (Male) |
| 0:07 | Create | Villager (Male) |
| 1:39 | Create | Villager (Male) |
| 1:45 | Build | Lumber Camp |
| 2:04 | Create | Villager (Male) |
| 2:14 | Create | Villager (Male) |
| 2:45 | Create | Villager (Male) |
| 3:00 | Create | Villager (Male) |
| 3:14 | Build | Palisade Gate |
| 3:16 | Build | Palisade Wall |
| 3:31 | Create | Villager (Male) |
| 3:55 | Create | Villager (Male) |
| 3:57 | Build | House |
| 4:16 | Build | Mill |
| 4:30 | Create | Villager (Male) |
| 4:40 | Create | Villager (Male) |
| 5:20 | Create | Villager (Male) |
| 5:20 | Create | Villager (Male) |
| 5:31 | Build | House |
| 5:36 | Create | Villager (Male) |
| 5:58 | Create | Villager (Male) |
| 6:43 | Create | Villager (Male) |
| 6:47 | Build | House |
| 7:07 | Create | Villager (Male) |
| 7:33 | Create | Villager (Male) |
| 8:13 | Build | Mining Camp |
| 8:19 | Create | Villager (Male) |
| 8:41 | Research | Loom |
| 8:43 | Research | Feudal Age |
| 8:57 | Build | Mining Camp |
| 9:09 | Create | Villager (Male) |
| 9:09 | Research | Loom |
| 9:14 | Create | Villager (Male) |
| 10:55 | Age | Feudal Age |
| 10:56 | Build | Blacksmith |
| 10:59 | Build | Market |
| 11:08 | Research | Double-Bit Axe |
| 11:48 | Research | Castle Age |
| 12:02 | Research | Loom |
| 14:14 | Build | House |
| 14:14 | Build | House |
| 14:28 | Age | Castle Age |
| 14:30 | Build | Castle |
| 14:31 | Research | Bow Saw |
| 14:38 | Create | Villager (Male) |
| 14:41 | Build | House |
| 14:43 | Build | Palisade Wall |
| 14:46 | Build | Stone Wall |
| 14:47 | Build | Stone Wall |
| 14:48 | Build | Stone Wall |
| 14:50 | Build | Stone Wall |
| 14:50 | Build | Stone Wall |
| 14:51 | Build | Stone Wall |
| 14:52 | Build | Stone Wall |
| 15:11 | Create | Villager (Male) |
| 15:23 | Build | Palisade Wall |
| 15:27 | Build | Palisade Wall |
| 15:33 | Build | Palisade Wall |
| 15:34 | Build | Palisade Wall |
| 15:35 | Build | Palisade Wall |
| 15:36 | Build | Palisade Wall |
| 15:44 | Create | Villager (Male) |
| 15:49 | Build | Castle |
| 16:06 | Build | House |
| 16:15 | Build | Palisade Wall |
| 16:16 | Create | Villager (Male) |
| 16:58 | Create | Villager (Male) |
| 17:20 | Create | Organ Gun |
| 17:20 | Create | Organ Gun |
| 17:46 | Build | Castle |
| 18:23 | Build | Siege Workshop |
| 18:34 | Create | Villager (Male) |
| 18:34 | Create | Villager (Male) |
| 18:56 | Create | Mangonel |
| 19:27 | Build | Outpost |
| 19:40 | Create | Organ Gun |
| 20:22 | Create | Mangonel |
| 20:38 | Build | House |
| 21:18 | Create | Organ Gun |
| 21:18 | Create | Organ Gun |
| 22:06 | Create | Organ Gun |
| 22:17 | Create | Villager (Male) |
| 22:17 | Create | Villager (Male) |
| 22:36 | Build | House |
Match timeline
| 1:17 | OS+ | Sicilian RaiN · wall_segment Palisade Wall x8 |
| 1:37 | Monesi28 · wall_segment Palisade Wall x4 |
| 2:05 | Oni.TheViper · wall_segment Palisade Wall x1 |
| 2:05 | Oni.TheViper · wall_segment Palisade Wall x1 |
| 2:07 | Oni.TheViper · wall_segment Palisade Wall x1 |
| 2:21 | Oni.DauT · wall_segment Palisade Wall x1 |
| 2:22 | Oni.DauT · wall_segment Palisade Wall x1 |
| 3:16 | Oni.miguel · wall_segment Palisade Wall x1 |
| 3:27 | Monesi28 · wall_segment Palisade Wall x1 |
| 4:05 | Monesi28 · wall_segment Palisade Wall x9 |
| 4:11 | OS+ | Sicilian RaiN · wall_segment Palisade Wall x1 |
| 4:14 | OS+ | Sicilian RaiN · wall_segment Palisade Wall x1 |
| 4:27 | Oni.TheViper · wall_segment Palisade Wall x2 |
| 5:03 | Simvall · wall_segment Palisade Wall x1 |
| 5:07 | OS+ | Sicilian RaiN · wall_segment Palisade Wall x1 |
| 5:09 | OS+ | Sicilian RaiN · wall_segment Palisade Wall x1 |
| 5:11 | OS+ | Sicilian RaiN · wall_segment Palisade Wall x1 |
| 5:11 | Simvall · wall_segment Palisade Wall x1 |
| 5:20 | Oni.DauT · wall_segment Palisade Wall x1 |
| 5:24 | Simvall · wall_segment Palisade Wall x1 |
| 5:31 | Monesi28 · wall_segment Palisade Wall x1 |
| 5:32 | Monesi28 · wall_segment Palisade Wall x1 |
| 5:33 | Monesi28 · wall_segment Palisade Wall x1 |
| 6:04 | Monesi28 · wall_segment Palisade Wall x1 |
| 6:23 | Monesi28 · wall_segment Palisade Wall x1 |
| 6:24 | Monesi28 · wall_segment Palisade Wall x1 |
| 6:24 | Monesi28 · wall_segment Palisade Wall x1 |
| 6:25 | Monesi28 · wall_segment Palisade Wall x1 |
| 6:31 | Oni.FreakinAndy · first_building Barracks |
| 6:57 | Monesi28 · wall_segment Palisade Wall x1 |
| 7:18 | Monesi28 · wall_segment Palisade Wall x1 |
| 7:21 | Monesi28 · wall_segment Palisade Wall x1 |
| 7:26 | Oni.FreakinAndy · wall_segment Palisade Wall x1 |
| 7:26 | Oni.FreakinAndy · wall_segment Palisade Wall x1 |
| 7:31 | Oni.FreakinAndy · wall_segment Palisade Wall x1 |
| 7:41 | Oni.DauT · wall_segment Palisade Wall x6 |
| 8:58 | Monesi28 · wall_segment Palisade Wall x1 |
| 8:59 | Monesi28 · wall_segment Palisade Wall x1 |
| 9:01 | Monesi28 · wall_segment Palisade Wall x1 |
| 9:02 | Monesi28 · wall_segment Palisade Wall x1 |
| 9:02 | Monesi28 · wall_segment Palisade Wall x1 |
| 9:03 | Monesi28 · wall_segment Palisade Wall x1 |
| 9:22 | Monesi28 · wall_segment Palisade Wall x1 |
| 9:27 | Monesi28 · wall_segment Palisade Wall x1 |
| 9:34 | Monesi28 · wall_segment Palisade Wall x1 |
| 9:42 | Oni.TheViper · wall_segment Palisade Wall x1 |
| 10:02 | Monesi28 · wall_segment Palisade Wall x15 |
| 10:05 | OS+ | Sicilian RaiN · wall_segment Palisade Wall x1 |
| 10:08 | OS+ | Sicilian RaiN · wall_segment Palisade Wall x1 |
| 10:31 | Oni.FreakinAndy · wall_segment Palisade Wall x2 |
| 10:35 | Oni.FreakinAndy · wall_segment Palisade Wall x1 |
| 10:35 | Oni.FreakinAndy · wall_segment Palisade Wall x1 |
| 10:49 | Monesi28 · wall_segment Palisade Wall x6 |
| 10:55 | Oni.FreakinAndy · age_up feudal |
| 10:55 | Oni.miguel · age_up feudal |
| 10:56 | Oni.FreakinAndy · first_building Stable |
| 10:56 | Oni.DauT · wall_segment Palisade Wall x7 |
| 11:16 | Monesi28 · wall_segment Palisade Wall x1 |
| 11:30 | Mettiu · age_up feudal |
| 11:35 | Oni.DauT · wall_segment Palisade Wall x1 |
| 11:37 | OS+ | Sicilian RaiN · wall_segment Palisade Wall x7 |
| 11:48 | Oni.TheViper · age_up feudal |
| 11:53 | OS+ | Sicilian RaiN · wall_segment Palisade Wall x7 |
| 12:10 | Oni.DauT · wall_segment Palisade Wall x1 |
| 12:14 | OS+ | Sicilian RaiN · wall_segment Palisade Wall x5 |
| 12:47 | Mettiu · first_market_sell 100 wood |
| 12:56 | Simvall · age_up feudal |
| 12:59 | OS+ | Sicilian RaiN · wall_segment Palisade Wall x1 |
| 13:30 | Monesi28 · wall_segment Palisade Wall x1 |
| 14:02 | Mettiu · wall_segment Palisade Wall x1 |
| 14:03 | Mettiu · wall_segment Palisade Wall x1 |
| 14:04 | Mettiu · wall_segment Palisade Wall x1 |
| 14:21 | Monesi28 · wall_segment Palisade Wall x1 |
| 14:23 | Monesi28 · wall_segment Palisade Wall x1 |
| 14:26 | Oni.FreakinAndy · age_up castle |
| 14:27 | Oni.FreakinAndy · first_building Siege Workshop |
| 14:28 | Oni.TheViper · wall_segment Palisade Wall x1 |
| 14:28 | Oni.FreakinAndy · first_market_buy 100 food |
| 14:28 | Oni.miguel · age_up castle |
| 14:29 | Oni.FreakinAndy · first_market_sell 100 stone |
| 14:30 | Oni.miguel · first_building Castle |
| 14:31 | Monesi28 · wall_segment Palisade Wall x1 |
| 14:34 | Monesi28 · wall_segment Palisade Wall x1 |
| 14:41 | Mettiu · first_market_buy 100 stone |
| 14:43 | Oni.miguel · wall_segment Palisade Wall x1 |
| 14:46 | Oni.miguel · wall_segment Stone Wall x1 |
| 14:47 | Oni.miguel · wall_segment Stone Wall x1 |
| 14:48 | Oni.miguel · wall_segment Stone Wall x1 |
| 14:50 | Oni.miguel · wall_segment Stone Wall x1 |
| 14:50 | Oni.miguel · wall_segment Stone Wall x1 |
| 14:51 | Oni.miguel · wall_segment Stone Wall x1 |
| 14:52 | Oni.miguel · wall_segment Stone Wall x1 |
| 14:58 | OS+ | Sicilian RaiN · wall_segment Palisade Wall x1 |
| 14:59 | OS+ | Sicilian RaiN · wall_segment Palisade Wall x1 |
| 15:05 | OS+ | Sicilian RaiN · wall_segment Palisade Wall x4 |
| 15:23 | Oni.miguel · wall_segment Palisade Wall x1 |
| 15:27 | Oni.miguel · wall_segment Palisade Wall x1 |
| 15:27 | Mettiu · age_up castle |
| 15:28 | Simvall · wall_segment Stone Wall x1 |
| 15:29 | Mettiu · first_building Castle |
| 15:33 | Oni.miguel · wall_segment Palisade Wall x1 |
| 15:34 | Oni.miguel · wall_segment Palisade Wall x1 |
| 15:35 | Oni.miguel · wall_segment Palisade Wall x1 |
| 15:36 | Oni.miguel · wall_segment Palisade Wall x1 |
| 15:38 | Oni.TheViper · wall_segment Palisade Wall x1 |
| 15:54 | Oni.TheViper · wall_segment Palisade Wall x1 |
| 16:10 | Oni.TheViper · age_up castle |
| 16:15 | Oni.miguel · wall_segment Palisade Wall x1 |
| 16:22 | Oni.TheViper · first_building Monastery |
| 16:26 | Simvall · age_up castle |
| 16:30 | Simvall · first_building Siege Workshop |
| 16:49 | Simvall · wall_segment Stone Wall x8 |
| 16:52 | Oni.TheViper · first_market_buy 100 food |
| 17:03 | Mettiu · first_building Siege Workshop |
| 17:07 | Oni.miguel · first_market_sell 100 wood |
| 17:09 | Oni.miguel · first_market_buy 100 stone |
| 17:12 | Simvall · first_market_buy 100 stone |
| 17:32 | Monesi28 · wall_segment Palisade Wall x1 |
| 17:33 | Monesi28 · wall_segment Palisade Wall x1 |
| 17:34 | Monesi28 · wall_segment Palisade Wall x1 |
| 17:34 | Monesi28 · wall_segment Palisade Wall x1 |
| 17:34 | Monesi28 · wall_segment Palisade Wall x1 |
| 17:57 | Oni.TheViper · first_building Castle |
| 18:01 | OS+ | Sicilian RaiN · wall_segment Palisade Wall x6 |
| 18:02 | Monesi28 · wall_segment Palisade Wall x10 |
| 18:05 | OS+ | Sicilian RaiN · wall_segment Palisade Wall x1 |
| 18:06 | Oni.TheViper · first_building Barracks |
| 18:11 | OS+ | Sicilian RaiN · wall_segment Palisade Wall x1 |
| 18:23 | Oni.miguel · first_building Siege Workshop |
| 18:38 | Simvall · first_building Monastery |
| 18:41 | OS+ | Sicilian RaiN · wall_segment Palisade Wall x7 |
| 18:54 | Oni.DauT · age_up feudal |
| 18:54 | Mettiu · wall_segment Stone Wall x1 |
| 18:56 | Mettiu · wall_segment Stone Wall x1 |
| 18:59 | Mettiu · wall_segment Stone Wall x1 |
| 19:03 | Monesi28 · wall_segment Palisade Wall x2 |
| 19:09 | Oni.TheViper · first_building Stable |
| 19:13 | Monesi28 · wall_segment Palisade Wall x8 |
| 19:27 | OS+ | Sicilian RaiN · wall_segment Palisade Wall x3 |
| 19:57 | Monesi28 · wall_segment Palisade Wall x1 |
| 20:21 | Oni.TheViper · first_market_sell 100 wood |
| 20:44 | OS+ | Sicilian RaiN · wall_segment Palisade Wall x1 |
| 20:50 | Monesi28 · wall_segment Palisade Wall x1 |
| 21:54 | Mettiu · first_building Monastery |
| 22:13 | OS+ | Sicilian RaiN · wall_segment Palisade Wall x1 |
| 22:14 | OS+ | Sicilian RaiN · wall_segment Palisade Wall x1 |
| 22:21 | Monesi28 · wall_segment Palisade Wall x1 |
| 22:21 | Monesi28 · wall_segment Palisade Wall x1 |
| 22:22 | Monesi28 · wall_segment Palisade Wall x1 |
| 22:24 | Simvall · resign |
| 22:24 | Monesi28 · wall_segment Palisade Wall x1 |
| 22:29 | Oni.DauT · age_up castle |
[ AI ANALYSIS · 1 CREDIT ]
What really happened in this match?
Wolo.gg analyzes every decision: build order, eco, micro, common mistakes by bracket. Personalized analysis on WhatsApp or Discord in 30 seconds.
Civ guide
Lithuanians
Perfil
Jugador #196240